Map: Heavy Artillery LE

Players

Massa

  • Race: Terran Terran
  • League: Gold
  • Spawn Location: 7:00

qqq

  • Race: Zerg Zerg
  • Spawn Location: 7:00

Lisky - Winner!

  • Race: Terran Terran
  • Spawn Location: 3:00

Unbrained - Winner!

  • Race: Protoss Protoss
  • Spawn Location: 1:00

VOD

Have the link to the VOD?

Description

Time

  • Played on: June 30, 2020, 3:17 p.m.
  • Length: 6:34
Show
View Real Time Build Order
Export as new Build Order

Massa Terran 

Build Orders: Reaper Expand 

Get SALT Encoding   

  12  0:02  SCV  
  13  0:14  SCV  
  13  0:21  Supply Depot  
  14  0:29  SCV  
  15  0:44  Barracks  
  15  0:48  Refinery  
  15  0:49  SCV  
  16  1:02  SCV  
  17  1:14  SCV  
  18  1:26  SCV  
  18  1:32  Barracks  
  19  1:37  Reaper  
  20  1:41  Orbital Command  
  20  2:08  Command Center  
  20  2:09  SCV, Reaper  
  22  2:17  Supply Depot  
  22  2:22  Reaper  
  23  2:27  Supply Depot  
  22  2:55  Supply Depot  
  22  2:57  Barracks Reactor, Barracks Tech Lab  
  21  3:22  Marauder  
  21  3:26  Concussive Shells  
  23  3:31  SCV  
  23  3:32  SCV  
  25  3:38  Barracks  
  25  3:43  Engineering Bay  
  25  3:44  SCV x2, Marauder  
  29  3:51  Marine x2  
  31  3:56  SCV x2  
  32  4:05  Marauder  
  32  4:08  SCV x2, Marine  
  37  4:19  Marine  
  37  4:20  SCV  
  39  4:26  Marauder, Marine  
  42  4:31  Orbital Command  
  42  4:32  SCV  
  42  4:33  Refinery  
  42  4:37  Marine  
  44  4:44  SCV, Marine  
  44  4:49  Marine  
  43  5:05  Missile Turret  
  40  5:08  Barracks  
  28  5:39  Barracks  
  28  5:40  Barracks  
  28  5:41  Barracks  
  25  5:55  Barracks  
  25  5:56  Barracks  
  25  6:03  Supply Depot  
  25  6:04  Supply Depot  
  25  6:05  Supply Depot  
  23  6:28  Supply Depot  
Show
View Real Time Build Order
Export as new Build Order

qqq Zerg 

Build Orders: Hatch First 

Get SALT Encoding   

  12  0:01  Drone  
  13  0:32  Hatchery  
  12  0:45  Drone x2  
  12  0:46  Overlord  
  14  1:05  Spawning Pool  
  13  1:11  Extractor  
  12  1:20  Drone x3  
  15  1:33  Drone  
  16  1:43  Drone  
  16  1:45  Drone  
  18  1:51  Queen  
  18  1:53  Drone  
  21  1:55  Drone  
  22  2:09  Queen  
  22  2:11  Drone  
  22  2:15  Metabolic Boost  
  25  2:19  Overlord  
  25  2:23  Zergling x2  
  25  2:26  Drone  
  27  2:36  Drone  
  28  2:37  Zergling x2  
  28  2:38  Zergling x2  
  30  2:44  Drone  
  30  2:49  Zergling x2  
  30  2:50  Drone  
  33  3:03  Zergling x2  
  33  3:04  Zergling x2  
  35  3:06  Drone  
  35  3:09  Hatchery  
  35  3:10  Zergling x2  
  36  3:22  Lair  
  36  3:29  Spore Crawler  
  36  3:32  Spore Crawler  
  36  3:33  Drone x2  
  36  3:35  Spore Crawler  
  36  3:36  Drone  
  36  3:39  Overlord  
  36  3:51  Spore Crawler  
  36  3:53  Drone  
  36  3:54  Spore Crawler  
  36  3:55  Drone  
  36  3:57  Overlord  
  37  4:02  Drone  
  37  4:03  Drone  
  37  4:05  Zergling x2  
  39  4:12  Zergling x2  
  39  4:16  Zergling x2  
  42  4:17  Zergling x2  
  42  4:28  Zergling x2, Spire  
  42  4:29  Drone  
  42  4:30  Zergling x2  
  44  4:31  Zergling x2  
  45  4:47  Overlord x3  
  45  4:58  Overlord  
  45  4:59  Overlord x2  
  39  5:20  Zergling x4  
  34  5:21  Zergling x6  
  34  5:22  Zergling x4  
  38  5:29  Zergling x4  
  38  5:30  Zergling x2  
  38  5:34  Roach Warren  
  38  5:35  Zergling x6  
  41  5:57  Zergling x4  
  42  6:09  Mutalisk  
Show
View Real Time Build Order
Export as new Build Order

Lisky Terran - Winner!

Build Orders: 1/1/1, Liberator Opening 

Get SALT Encoding   

  12  0:01  SCV  
  13  0:13  SCV  
  14  0:22  Supply Depot  
  14  0:25  SCV  
  15  0:30  Refinery  
  15  0:44  SCV  
  15  0:47  Barracks  
  16  0:56  SCV  
  17  1:00  Refinery  
  17  1:08  SCV  
  18  1:20  SCV  
  19  1:32  SCV  
  20  1:37  Factory  
  20  1:38  Marine  
  21  1:46  Supply Depot  
  21  1:50  Orbital Command  
  21  1:55  Marine  
  22  2:23  Factory Tech Lab  
  22  2:25  Marine  
  22  2:29  Starport  
  23  2:30  SCV  
  24  2:51  SCV  
  24  2:53  Siege Tank  
  24  2:54  Marine  
  29  3:01  Supply Depot  
  29  3:03  SCV  
  30  3:11  Supply Depot  
  30  3:12  Marine  
  31  3:22  Liberator  
  34  3:28  Siege Tank  
  34  3:29  Marine  
  38  3:40  Supply Depot  
  38  3:47  Marine  
  39  4:01  Command Center  
  39  4:05  Liberator  
  39  4:06  Siege Tank  
  45  4:12  Marine  
  46  4:30  Marine  
  47  4:47  Siege Tank  
  47  4:48  Marine  
  47  4:49  Liberator  
  54  5:05  Marine  
  49  5:23  Marine  
  49  5:25  Siege Tank  
  55  6:31  Supply Depot  
  55  6:32  Supply Depot x2  
Show
View Real Time Build Order
Export as new Build Order

Unbrained Protoss - Winner!

Build Orders:  

Get SALT Encoding   

  12  0:01  Probe  
  13  0:13  Probe  
  14  0:19  Pylon  
  14  0:25  Probe  
  15  0:37  Probe  
  15  0:40  Gateway  
  16  0:49  Probe  
  17  0:51  Assimilator  
  17  0:55  Assimilator  
  17  1:02  Probe  
  18  1:11  Probe  
  19  1:19  Probe  
  20  1:28  Cybernetics Core  
  20  1:29  Gateway  
  20  1:30  Probe  
  20  1:33  Pylon  
  21  1:43  Probe  
  22  1:55  Probe  
  23  2:05  Stalker  
  23  2:06  Warp Gate  
  25  2:14  Forge  
  25  2:17  Probe  
  25  2:20  Stalker  
  28  2:30  Shield Battery  
  28  2:51  Stalker  
  28  2:57  Pylon  
  30  3:06  Nexus  
  30  3:15  Stalker  
  32  3:25  Probe  
  33  3:29  Protoss Ground Weapons Level 1  
  33  3:30  Stalker  
  35  3:36  Gateway  
  35  3:41  Robotics Facility  
  35  3:45  Probe  
  36  3:57  Probe  
  37  4:08  Photon Cannon  
  37  4:14  Photon Cannon  
  37  4:16  Stalker  
  39  4:31  Immortal  
  43  4:59  Stalker x3  
  47  5:22  Stalker x3  
  53  5:59  Pylon  
  53  6:01  Pylon  
  53  6:06  Gateway  
  53  6:08  Gateway  
  53  6:10  Gateway  
  53  6:13  Gateway  
  53  6:16  Pylon  
  53  6:21  Pylon  
  53  6:25  Pylon  
Tags
 
Add a new tag
Caveats
  • Supply blocks, unpowered buildings, or Contaminate may cause inaccurate times.
  • Supply counts are checked every 10 seconds.